 Dungeon Crawl Stone Soup version 0.31-a0-702-gf82c85558f (webtiles) character file.

Game seed: 206767762590327433

175 qw the Shooter (level 5, 0/32 HPs)
             Began as a Gargoyle Hunter on Sept 7, 2023.
             Slain by a gnoll
             ... wielding a +0 halberd
              (11 damage)
             ... on level 3 of the Dungeon.
             The game lasted 00:00:51 (2060 turns).

qw the Shooter (Gargoyle Hunter)                    Turns: 2060, Time: 00:00:52

Health: 0/32       AC:  9    Str: 17    XL:     5   Next: 55%
Magic:  0/5        EV: 11    Int:  7    God:
Gold:   27         SH:  0    Dex: 15    Spells: 4/4 levels left

rFire   . . .        Y - +0 shortbow (freeze)
rCold   + . .        (shield currently unavailable)
rNeg    + . .        f - +0 ring mail
rPois   inf          (no helmet)
rElec   +            (no cloak)
rCorr   +            (no gloves)
SInv    .            (no boots)
Will    .....        i - amulet "Otaof" {Spirit rPois rCorr Str+3 Int-3}
Stlth   +            a - ring of protection from cold
HPRegen 0.25/turn    (no ring)
MPRegen 0.09/turn

%: guardian spirit
@: no status effects
A: sickness immunity, AC +4, negative energy resistance 1, electricity
resistance, torment resistance 1, petrification resistance
a: no special abilities


You were on level 3 of the Dungeon.
You visited 1 branch of the dungeon, and saw 3 of its levels.

You collected 27 gold pieces.


Innate Abilities, Weirdness & Mutations

You are immune to sickness and miasma.
Your stone body is resilient. (AC +4)
You are immune to poison.
You resist negative energy. (rN+)
You are resistant to electric shocks. (rElec)
You are resistant to unholy torment.
You are immune to petrification.


   Skills:
 + Level 3.3 Fighting
 - Level 6.0 Ranged Weapons
 - Level 1.3 Armour
 - Level 1.5 Dodging
 - Level 1.1 Stealth


You had 4 spell levels left.
You didn't know any spells.
Your spell library was empty.

Inventory:

Hand Weapons
 Y - a +0 shortbow of freezing (weapon)
Armour
 f - a +0 ring mail (worn)
 g - a +0 pair of boots
Jewellery
 a - a ring of protection from cold (left hand)
 i - the amulet "Otaof" (around neck) {Spirit rPois rCorr Str+3 Int-3}
   (You found it on level 2 of the Dungeon)

   [amulet of guardian spirit]

   Spirit:    It causes incoming damage to be divided between your reserves of
   health and magic.
   Str+3:     It affects your strength (+3).
   Int-3:     It affects your intelligence (-3).
   rPois:     It protects you from poison rCorr: It protects you from acid and
   corrosion.
Scrolls
 h - a scroll of identify
 j - a scroll of enchant armour
Potions
 b - a potion of curing {unknown}
 c - a potion of haste {unknown}
 d - a potion of degeneration {unknown}
 e - a potion of might {unknown}

Dungeon Overview and Level Annotations

Branches:
Dungeon (3/15)

Altars:
Wu Jian


Message History

Found a hat.
You see here a +0 hat.
You now have 27 gold pieces (gained 6).
Found an escape hatch in the ceiling.
There is an escape hatch in the ceiling here.
g - a +0 pair of boots A gnoll comes into view.
It is wielding a +0 club.
Found a chain mail.
The gnoll shouts!
The gnoll moves out of view.
A gnoll comes into view. It is wielding a +0 club.
A gnoll comes into view. It is wielding a +0 halberd.
You shoot an arrow. The arrow hits the gnoll!
The arrow freezes the gnoll.
You kill the gnoll!
A gnoll comes into view. It is wielding a +0 flail.
You shoot an arrow. The arrow hits the gnoll!
The arrow freezes the gnoll.
The gnoll is severely wounded.
You shoot an arrow. The arrow closely misses the gnoll.
You shoot an arrow. The arrow barely misses the gnoll.
You shoot an arrow. The arrow closely misses the gnoll.
The gnoll hits you from afar with a +0 halberd!
The gnoll hits you but does no damage.
You shoot an arrow. The arrow closely misses the gnoll.
The gnoll closely misses you.
The gnoll hits you from afar with a +0 halberd!
You shoot an arrow. The arrow hits the gnoll!
The arrow freezes the gnoll.
You kill the gnoll!
The gnoll barely misses you. The gnoll closely misses you.
The gnoll barely misses you. The gnoll hits you with a +0 flail!
Your Ranged Weapons skill increases to level 6!
You shoot an arrow. The arrow hits the gnoll!
The arrow freezes the gnoll.
The gnoll is almost dead.
The gnoll misses you.
You shoot an arrow. The arrow hits the gnoll.
The arrow freezes the gnoll.
You kill the gnoll!
The gnoll hits you from afar with a +0 halberd.
You shoot an arrow. The arrow hits the gnoll.
The arrow freezes the gnoll.
The gnoll is severely wounded.
The gnoll hits you from afar with a +0 halberd!
You die...

#. #..#...#.# #.
#........# #. #....#...#
#. .. #........# #. ...
#........# ##
....#######.##.....# #.
.......)...........# #.
.[...g.@...........####.
......)..............##.
.........#####.......##.
.........# ####....+..
..)####### #....#.. ..
#....##. . #....+..
#....##. #....##.


You could see a gnoll.

Vanquished Creatures
  Terence (D:3)
  6 gnolls (D:3)
  3 adders
  An orc (D:3)
  8 endoplasms
  2 giant cockroaches
  6 goblins
  8 hobgoblins
  3 jackals (D:2)
  2 quokkas
  5 ball pythons
  6 bats
  3 frilled lizards (D:1)
  3 kobolds
  7 rats
64 creatures vanquished.

Notes
Turn   | Place    | Note
-------+----------+-------------------------------------------
     0 | D:1      | qw the Gargoyle Hunter began the quest for the Orb.
     0 | D:1      | Reached XP level 1. HP: 12/12 MP: 1/1
     0 | D:1      | 0 ||| qw: Version: 0.3-a-76-g4403597
     0 | D:1      | 0 ||| qw: Game counter: 846
     0 | D:1      | 0 ||| qw: Melee chars always use a shield: true
     0 | D:1      | 0 ||| qw: God list: Okawaru
     0 | D:1      | 0 ||| qw: Allow faded altars: false
     0 | D:1      | 0 ||| qw: Do Orc after clearing Dungeon:15 true
     0 | D:1      | 0 ||| qw: Do second Lair branch before Depths: true
     0 | D:1      | 0 ||| qw: Lair rune preference: random
     0 | D:1      | 0 ||| qw: Goals: Normal
     0 | D:1      | 0 ||| PLANNING D:1-11
   106 | D:1      | Reached XP level 2. HP: 17/17 MP: 2/2
   441 | D:1      | Reached XP level 3. HP: 21/21 MP: 3/3
   621 | D:1      | Found a faded altar of an unknown god.
   686 | D:1      | 686 ||| UPGRADING to +0 ring mail.
   696 | D:1      | 696 ||| DROPPING +0 leather armour.
   697 | D:1      | 697 ||| READING scroll labelled GEIDOD SOMM.
   698 | D:1      | 698 ||| READING 2 scrolls labelled GOCREM IXEQ.
   701 | D:1      | 701 ||| READING scroll labelled FEXZIPTUDIO.
   702 | D:1      | 702 ||| READING scroll labelled ZUIWKU DECW.
   703 | D:1      | 703 ||| DROPPING scroll of butterflies.
   829 | D:2      | Reached skill level 1 in Armour
   840 | D:2      | Found an ornate altar of the Wu Jian Council.
   864 | D:2      | Reached skill level 5 in Ranged Weapons
   975 | D:2      | Identified the amulet "Otaof" {Spirit rPois rCorr Str+3
                  | Int-3}
  1103 | D:2      | Reached XP level 4. HP: 25/27 MP: 4/4
  1392 | D:2      | 1392 ||| UPGRADING to amulet "Otaof" {Spirit rPois rCorr
                  | Str+3 Int-3}.
  1397 | D:2      | 1397 ||| DROPPING amulet of magic regeneration.
  1398 | D:2      | 1398 ||| UPGRADING to ring of protection from cold.
  1399 | D:2      | 1399 ||| READING scroll labelled WAOKIERPHYUNU.
  1459 | D:3      | Reached skill level 3 in Fighting
  1533 | D:3      | Noticed Terence
  1553 | D:3      | HP: 7/28 [Terence/+3 hand axe of electrocution (3)]
  1554 | D:3      | 1554 ||| READING scroll of teleportation.
  1555 | D:3      | HP: 2/28 [Terence/+3 hand axe of electrocution (5)]
  1597 | D:3      | Killed Terence
  1682 | D:3      | Reached XP level 5. HP: 32/32 MP: 5/5
  1697 | D:3      | 1697 ||| FLEEEEING.
  1714 | D:3      | 1714 ||| FLEEEEING.
  1715 | D:3      | 1715 ||| FLEEEEING.
  1716 | D:3      | 1716 ||| FLEEEEING.
  1717 | D:3      | 1717 ||| FLEEEEING.
  1718 | D:3      | 1718 ||| FLEEEEING.
  1724 | D:3      | 1724 ||| FLEEEEING.
  1725 | D:3      | 1725 ||| FLEEEEING.
  1726 | D:3      | 1726 ||| FLEEEEING.
  1727 | D:3      | 1727 ||| FLEEEEING.
  1737 | D:3      | 1737 ||| STAIRDANCE
  1779 | D:2      | 1779 ||| READING 2 scrolls labelled JEOSET FADUIMNE.
  2058 | D:3      | Reached skill level 6 in Ranged Weapons
  2060 | D:3      | Slain by a gnoll

Levels and vault maps discovered:
D:1:      nicolae_arrival_memento_mori, layout_basic,
          ebering_ecumenical_altar_ruins
D:2:      layout_basic, basic_altar
D:3:      minmay_goblin_kobold_castle, layout_basic, chequers_jeans,
          uniq_terence

Skill      XL: |  1  2  3  4  5 |
---------------+----------------+-----
Armour         | 1 |  1.3
Ranged Weapons | 5 6 |  6.0
Fighting       | 3 |  3.3
Dodging        | |  1.5
Stealth        | |  1.1

Action                     |  1- 3 |  4- 6 || total
---------------------------+-------+-------++-------
   Fire: Shortbow          |    97 |    80 ||   177
    Use: Scroll            |     4 |     3 ||     7
 Armour: Leather armour    |    15 |       ||    15
         Ring mail         |    10 |    49 ||    59
  Dodge: Dodged            |    26 |    40 ||    66

Table legend:
 A = Non-vault XP
 B = Vault XP
 C = Vault XP percentage of total XP
 D = Non-vault monster count
 E = Vault monster count
 F = Vault count percentage of total count
                 A         B        C        D         E       F
            +---------+---------+-------+---------+---------+-------
      Total |     203 |      48 |  19.1 |      57 |       7 |  10.9
            +---------+---------+-------+---------+---------+-------
        D:1 |      37 |       0 |   0.0 |      25 |       0 |   0.0
        D:2 |      49 |       0 |   0.0 |      14 |       0 |   0.0
        D:3 |     117 |      48 |  29.1 |      18 |       7 |  28.0
            +---------+---------+-------+---------+---------+-------
